 Dungeon Crawl Stone Soup version 0.22.1-1-ga44c0e5 (webtiles) character file.

4455 mandick the Fighter (level 10, -4/82 HPs)
             Began as a Demonspawn Gladiator on Sept 27, 2018.
             Was a High Priest of Cheibriados.
             Killed from afar by an electric eel (6 damage)
             ... with a bolt of electricity
             ... on level 8 of the Dungeon.
             The game lasted 00:50:08 (9835 turns).

mandick the Fighter (Demonspawn Gladiator)          Turns: 9835, Time: 00:50:38

Health: -4/82      AC: 10    Str: 35    XL:     10   Next: 15%
Magic:  10/10      EV: 11    Int: 22    God:    Cheibriados [*****.]
Gold:   405        SH: 14    Dex: 29    Spells: 9/9 levels left

rFire    . . .     SeeInvis .   a - +0 war axe
rCold    . . .     Gourm    +   i - +0 shield
rNeg     . . .     Faith    .   k - +0 chain mail
rPois    .         Spirit   .   (helmet restricted)
rElec    .         Reflect  .   (no cloak)
rCorr    .         Harm     .   (no gloves)
MR       +....                  (no boots)
Stlth    ..........             H - amulet of the gourmand
HPRegen  0.23/turn              x - +3 ring of dexterity
MPRegen  0.12/turn              d - ring of protection from magic

@: mighty, lethally poisoned (-4 -> -7), slowed, very slow
A: horns 1, powered by death 2, powered by pain 3, sturdy frame 1
a: Bend Time, Temporal Distortion, Slouch, Step From Time, Renounce Religion


You were on level 8 of the Dungeon.
You worshipped Cheibriados.
Cheibriados was extremely pleased with you.
You were completely stuffed.

You visited 1 branch of the dungeon, and saw 8 of its levels.
You also visited: Sewer.

You collected 405 gold pieces.

Inventory:

Hand Weapons
 a - a +0 war axe (weapon)
 b - a +0 hunting sling
 n - a +1 short sword of electrocution
 y - a +1 dagger of venom
Missiles
 e - 34 poisoned needles
 q - 2 throwing nets
 v - 287 stones
 w - 33 sling bullets
 G - 5 tomahawks (quivered)
Armour
 i - a +0 shield (worn)
 k - a +0 chain mail (worn)
 C - a +1 helmet
Jewellery
 d - a ring of protection from magic (right hand)
 o - an uncursed ring of resist corrosion
 s - a +4 ring of intelligence
 u - the ring "Lezxushri" {Fire Dex+2, unknown}
   (You found it on level 8 of the Dungeon)

   [ring of fire]

   It enhances your fire magic.
   It affects your dexterity (+2).
   It protects you from fire.
   It makes you vulnerable to cold.
 x - a +3 ring of dexterity (left hand)
 E - an uncursed ring of see invisible
 H - an amulet of the gourmand (around neck)
Wands
 N - a wand of polymorph (6)
Scrolls
 c - a scroll of fog {unknown}
 j - 4 scrolls of remove curse
 l - 6 scrolls of teleportation
 t - 3 scrolls of immolation {unknown}
 D - 4 scrolls of enchant armour {unknown}
 J - a scroll of enchant weapon {unknown}
 K - a scroll of noise {unknown}
Potions
 g - a potion of haste
 h - a potion of brilliance
 m - 2 potions of flight
 p - 2 potions of invisibility
 r - a potion of heal wounds {unknown}
 z - a potion of berserk rage
 B - 2 potions of mutation {unknown}
 M - a potion of resistance
Comestibles
 f - 12 rations


   Skills:
 + Level 8.9 Fighting
 - Level 2.6 Axes
 - Level 1.7 Throwing
 + Level 7.6 Armour
 - Level 3.1 Dodging
 + Level 7.8 Shields


You had 9 spell levels left.
You didn't know any spells.
Your spell library was empty.

Dungeon Overview and Level Annotations

Branches:
Dungeon (8/15)             Temple (0/1) D:5
   Lair: D:8-11

Altars:
Ashenzari
Cheibriados
Dithmenos
Fedhas
Nemelex Xobeh
Okawaru
Sif Muna
Trog
Uskayaw
Xom
Yredelemnul
The Shining One

Shops:
D:4 *

Annotations:
D:2 2 transporters


Innate Abilities, Weirdness & Mutations

You have a pair of small horns on your head.
You regenerate health from kills.
You are powered by pain.
Your movements are slightly less encumbered by armour. (ER -2)


Message History

You slice the hornet!! You headbutt the hornet.
You kill the hornet!
Cheibriados thoroughly appreciates the change of pace.
You feel sick.
The electric eel shoots out a bolt of lightning at you!
The bolt of electricity hits you! x2; You focus on the pain.
You feel mightier all of a sudden.
The electric eel shoots out a bolt of lightning at you!
The bolt of electricity hits you! x2
* * * LOW HITPOINT WARNING * * *
The electric eel shoots out a bolt of lightning at you!
The bolt of electricity hits you!
* * * LOW HITPOINT WARNING * * *
The bolt of electricity misses you.
The electric eel shoots out a bolt of lightning at you!
The bolt of electricity hits the electric eel.
The electric eel completely resists.
The bolt of electricity hits you!
* * * LOW HITPOINT WARNING * * *
The bolt of electricity hits you!
You die...

#########.........#
####.................#
...#.#######.........#
##.#.# #.........#
...#.# #.........#
.....# ####.######
.....# #.# ## .....#
#.###.###### .≈..##
#.@......... ...<#
###......... ....#
#......... ≈≈..#
....?...### ....#
#...;;....# ##
#...≈;≈...#
#....≈≈≈≈.#
#..≈≈≈≈≈≈.#
#..≈;≈≈≈≈.#


You could see 3 electric eels.

Vanquished Creatures
  A two-headed ogre (D:8)
  Pikel (D:7)
  A hornet (D:8)
  Prince Ribbit (D:7)
  A wyvern (D:8)
  2 humans (D:7)
  A hungry ghost (D:7)
  2 orc warriors
  Purgy (Sewer)
  A phantom (D:4)
  A sky beast (D:8)
  2 black bears (D:7)
  3 slaves (D:7)
  An ogre (D:8)
  2 centaurs
  2 bullfrogs
  A wyvern skeleton (D:6)
  2 scorpions (D:5)
  6 killer bees (D:8)
  2 crimson imps
  A bullfrog skeleton (D:4)
  A centaur zombie (D:7)
  2 hounds
  9 orc wizards
  3 orc priests (D:7)
  A gnoll shaman (D:4)
  2 iguanas
  2 worker ants
  A killer bee zombie (D:7)
  A hound zombie (D:7)
  A hound skeleton (D:8)
  A worker ant zombie (D:7)
  Robin (D:2)
  4 adders
  5 gnolls (D:4)
  A howler monkey skeleton (D:4)
  2 shadow imps (D:8)
  An adder zombie (D:7)
  5 worms
  A dart slug (D:3)
  4 leopard geckos
  29 orcs
  6 ball pythons
  6 giant cockroaches
  20 goblins
  12 hobgoblins
  14 jackals
  3 quokkas
  7 bats
  5 frilled lizards
  A jackal skeleton (D:5)
  7 kobolds
  A leopard gecko skeleton (D:4)
  A rat (D:3)
195 creatures vanquished.

Vanquished Creatures (others)
  An unseen horror (D:8)
  A slave (D:7)
  An ogre (D:8)
  2 hounds (D:8)
  A hound skeleton (D:8)
6 creatures vanquished.

Grand Total: 201 creatures vanquished

Notes
Turn   | Place    | Note
-------+----------+-------------------------------------------
     0 | D:1      | mandick the Demonspawn Gladiator began the quest for the
                  | Orb.
     0 | D:1      | Reached XP level 1. HP: 16/16 MP: 1/1
   388 | D:1      | Gained mutation: Your movements are slightly less
                  | encumbered by armour. (ER -2) [demonic ancestry]
   388 | D:1      | Reached XP level 2. HP: 17/22 MP: 2/2
   689 | D:1      | Reached skill level 1 in Armour
   820 | D:2      | Found a shadowy altar of Dithmenos.
   822 | D:2      | Found a transporter.
   835 | D:2      | Found a transporter.
   897 | D:2      | Gained mutation: You regenerate a little health from kills.
                  | [demonic ancestry]
   897 | D:2      | Reached XP level 3. HP: 21/28 MP: 3/3
   982 | D:2      | Reached skill level 1 in Shields
  1519 | D:2      | Found a snail-covered altar of Cheibriados.
  1531 | D:2      | Became a worshipper of Cheibriados the Contemplative
  1610 | D:2      | Gained mutation: You sometimes gain a little power by
                  | taking damage. [demonic ancestry]
  1610 | D:2      | Reached XP level 4. HP: 32/34 MP: 4/4
  1634 | D:2      | Found a shattered altar of Ashenzari.
  1741 | D:2      | Noticed Robin
  1999 | D:3      | Found a glowing drain.
  2181 | Sewer    | Entered a sewer
  2190 | Sewer    | Reached skill level 3 in Fighting
  2198 | Sewer    | Reached * piety under Cheibriados
  2325 | Sewer    | Noticed Purgy
  2353 | Sewer    | Killed Purgy
  2353 | Sewer    | Gained mutation: You sometimes gain power by taking damage.
                  | [demonic ancestry]
  2353 | Sewer    | Reached XP level 5. HP: 12/41 MP: 5/5
  3415 | D:2      | Killed Robin
  3415 | D:2      | Reached ** piety under Cheibriados
  3803 | D:4      | Reached XP level 6. HP: 42/48 MP: 6/6
  3860 | D:3      | Reached skill level 4 in Fighting
  5154 | D:4      | Found Ysaareigh's Assorted Antiques.
  5213 | D:4      | Reached XP level 7. HP: 54/55 MP: 7/7
  5605 | D:5      | Entered Level 5 of the Dungeon
  5640 | D:5      | Reached *** piety under Cheibriados
  5786 | D:5      | Reached skill level 5 in Fighting
  6480 | D:5      | Found a staircase to the Ecumenical Temple.
  6648 | D:6      | Got a heavily jewelled robe
  6659 | D:6      | Identified the +3 robe "Lyegioff" {Stlth+} (You found it on
                  | level 6 of the Dungeon)
  6878 | D:6      | Gained mutation: You regenerate health from kills. [demonic
                  | ancestry]
  6878 | D:6      | Reached XP level 8. HP: 41/64 MP: 8/8
  7164 | D:6      | Found a glowing golden altar of the Shining One.
  7200 | D:6      | Found a deep blue altar of Sif Muna.
  7525 | D:7      | Noticed Prince Ribbit
  7765 | D:7      | Reached skill level 6 in Fighting
  7765 | D:7      | Reached skill level 5 in Shields
  7845 | D:7      | Reached **** piety under Cheibriados
  7845 | D:7      | Reached skill level 5 in Armour
  7881 | D:7      | Noticed Pikel
  7898 | D:7      | Killed Pikel
  7898 | D:7      | Reached skill level 7 in Fighting
  7977 | D:7      | Gained mutation: You are powered by pain. [demonic
                  | ancestry]
  7977 | D:7      | Reached XP level 9. HP: 29/72 MP: 9/9
  7985 | D:7      | Got an ivory rapier {elec}
  8050 | D:7      | Identified the cursed +0 rapier of Abomination {elec, rC+
                  | MP-9 Str-5 Int+6} (You took it off an orc on level 7 of the
                  | Dungeon)
  8269 | D:7      | Killed Prince Ribbit
  8325 | D:7      | Found a blossoming altar of Fedhas.
  8366 | D:7      | Found an iron altar of Okawaru.
  8427 | D:7      | Found a hide-covered altar of Uskayaw.
  8601 | D:7      | Found a sparkling altar of Nemelex Xobeh.
  8601 | D:7      | Found a basalt altar of Yredelemnul.
  8684 | D:7      | Reached ***** piety under Cheibriados
  8702 | D:7      | Found a bloodstained altar of Trog.
  8803 | D:8      | Killed an unseen horror
  8807 | D:8      | Reached skill level 8 in Fighting
  8869 | D:8      | Found a shimmering altar of Xom.
  9329 | D:8      | Got a warped marble ring
  9338 | D:8      | Noticed a two-headed ogre
  9351 | D:8      | Killed a two-headed ogre
  9351 | D:8      | Gained mutation: You have a pair of small horns on your
                  | head. [demonic ancestry]
  9351 | D:8      | Reached XP level 10. HP: 22/82 MP: 10/10
  9834 | D:8      | Paralysed by a hornet for 1 turns
  9835 | D:8      | HP: 2/82 [electric eel/bolt of electricity (7)]
  9835 | D:8      | Killed from afar by an electric eel

Skill      XL: |  1  2  3  4  5  6  7  8  9 |
---------------+----------------------------+-----
Armour         | 1 2 3 4 5 7 |  7.6
Dodging        | 3 |  3.1
Shields        | 1 2 3 4 6 7 |  7.8
Fighting       | 3 4 5 7 8 |  8.9
Axes           | |  2.6
Throwing       | |  1.7

Action                   |  1- 3 |  4- 6 |  7- 9 | 10-12 || total
-------------------------+-------+-------+-------+-------++-------
Melee: War axe           |    24 |   186 |   381 |     8 ||   599
       Dagger            |    73 |    24 |       |       ||    97
       Short sword       |    53 |    26 |       |       ||    79
       Headbutt          |       |       |       |     3 ||     3
 Fire: Hunting sling     |       |     4 |       |       ||     4
Throw: Throwing net      |     1 |     4 |       |       ||     5
Invok: Bend Time         |       |     1 |       |       ||     1
  Use: Potion            |       |     4 |     2 |       ||     6
       Scroll            |       |     3 |     8 |       ||    11
 Stab: Sleeping          |       |     3 |       |       ||     3
       Distracted        |       |     1 |       |       ||     1
  Eat: Chunk             |     2 |     7 |    20 |     1 ||    30
       Ration            |       |       |     1 |       ||     1
Armor: Chain mail        |    59 |     4 |   133 |     4 ||   200
       Leather armour    |     7 |    64 |       |       ||    71
       Skin              |       |       |    46 |       ||    46
Dodge: Dodged            |    43 |   141 |   151 |     6 ||   341
Block: Shield            |    56 |   151 |   294 |     6 ||   507
